 Dungeon Crawl Stone Soup version 0.28-a0-983-g1de4e0787c (webtiles) character file.

Game seed: 973027985781913733

9 Essalna the Stinger (level 2, 0/19 HPs)
             Began as a Demonspawn Venom Mage on Dec 3, 2021.
             Slain by a jackal (1 damage)
             ... on level 1 of the Dungeon.
             The game lasted 00:01:51 (304 turns).

Essalna the Stinger (Demonspawn Venom Mage)          Turns: 304, Time: 00:01:51

Health: 0/19       AC:  2    Str:  8    XL:     2   Next: 3%
Magic:  4/5        EV: 12    Int: 16    God:
Gold:   0          SH:  0    Dex: 13    Spells: 4/5 levels left

rFire   . . .      SeeInvis .   b - +0 flail
rCold   . . .      Faith    .   (no shield)
rNeg    . . .      Spirit   .   a - +0 robe
rPois   .          Reflect  .   (no helmet)
rElec   .          Harm     .   (no cloak)
rCorr   .          Rampage  .   (no gloves)
Will    .....                   (no boots)
Stlth   ++........              (no amulet)
HPRegen 0.06/turn               (no ring)
MPRegen 0.09/turn               (no ring)

@: no status effects
A: hooves 1
a: no special abilities


You were on level 1 of the Dungeon.
You visited 1 branch of the dungeon, and saw 1 of its levels.

Inventory:

Hand Weapons
 b - a +0 flail (weapon)
Armour
 a - a +0 robe (worn)
Potions
 c - a potion of curing {unknown}


   Skills:
 - Level 1.7 Dodging
 - Level 1.7 Stealth
 + Level 2.3 Spellcasting
 - Level 1.0 Transmutations
 + Level 3.3 Poison Magic


You had 4 spell levels left.
You knew the following spells:

 Your Spells              Type           Power      Damage    Failure   Level
a - Sting                 Tmut/Pois      32%        1d4       9%          1

Your spell library contained the following spells:

 Spells                   Type           Power      Damage    Failure   Level
 Poisonous Vapours        Pois/Air       14%        N/A       16%         2
 Mephitic Cloud           Conj/Pois/Air  5%         N/A       36%         3
 Olgreb's Toxic Radiance  Pois           12%        N/A       45%         4


Dungeon Overview and Level Annotations

Branches:
Dungeon (1/15)

Altars:


Innate Abilities, Weirdness & Mutations

You have large cloven feet.


Message History

Aiming: Sting (safe; 9% risk of failure)
Press: ? - help, Shift-Dir - straight line, f/p - endoplasm
Aim: an endoplasm (almost dead, 97% to hit)
The sting hits the endoplasm.
The endoplasm is poisoned.
You kill the endoplasm!
You have reached level 2!
Your demonic ancestry asserts itself...
Your feet thicken and deform.
Save game and exit?
Welcome back, Essalna the Demonspawn Venom Mage.
Press ? for a list of commands and other information.
You see here a hobgoblin corpse.
You see here a bat corpse.
You see here a hobgoblin corpse.
The jackal barks!
The jackal barks!
The jackal closely misses you. The jackal bites you. The jackal bites you.
The jackal bites you but does no damage.
The jackal bites you. The jackal bites you. The jackal bites you.
The jackal closely misses you. The jackal misses you. The jackal bites you.
The jackal bites you but does no damage.
The jackal barely misses you. The jackal closely misses you.
The jackal bites you but does no damage.
The jackal bites you. x2
* * * LOW HITPOINT WARNING * * *
The jackal closely misses you. The jackal bites you.
* * * LOW HITPOINT WARNING * * *
The jackal bites you but does no damage.
The jackal misses you. The jackal closely misses you.
The jackal closely misses you. x3
The jackal barely misses you. The jackal bites you.
* * * LOW HITPOINT WARNING * * *
The jackal bites you.
* * * LOW HITPOINT WARNING * * *
The jackal bites you.
You die...

..#..#.†#..#
###................
.###.#†###.##
#.................. .#
#...#
#..###....≈≈≈≈≈≈≈≈≈≈≈≈≈≈ ##
##.##
##..##....≈≈≈≈≈≈≈≈≈≈≈≈≈≈ #
#.# #..##....≈≈≈≈≈≈≈≈≈≈≈≈≈≈
# ###
###.......≈≈≈#+#'#≈≈≈≈≈≈
###..>......≈≈≈'>..##'###+
..........hh.≈≈≈'...#......
####......@..h≈≈#+#'#.#####
#...)......≈≈≈≈#...#...#
#........⌠..≈≈≈'.⌠.'.<.#
######...⌠..≈≈≈'.⌠.'...#
#.....≈≈≈≈#...#...#
#....≈≈≈#'###.#####
#....†≈≈'...'......
##...≈≈≈'...##+###'
#...≈≈≈#+#'#≈≈≈≈≈≈


You could see 3 jackals.

Vanquished Creatures
  2 endoplasms (D:1)
  A goblin (D:1)
  2 hobgoblins (D:1)
  A bat (D:1)
  2 rats (D:1)
8 creatures vanquished.

Notes
Turn   | Place    | Note
-------+----------+-------------------------------------------
     0 | D:1      | Essalna the Demonspawn Venom Mage began the quest for the
                  | Orb.
     0 | D:1      | Reached XP level 1. HP: 13/13 MP: 3/3
   149 | D:1      | Reached skill level 1 in Transmutations
   265 | D:1      | Gained mutation: You have large cloven feet. [demonic
                  | ancestry]
   265 | D:1      | Reached XP level 2. HP: 14/19 MP: 1/5
   304 | D:1      | Slain by a jackal

Illustrated notes

Levels and vault maps discovered:
D:1:      dpeg_arrival_castle, layout_rooms, serial_curves, eino_curves_02,
          eino_curves_04, eino_curves_03, dreamdust_ecumenical_altar_grove

Skill      XL: |  1 |
---------------+----+-----
Transmutations | 1 |  1.0
Dodging        | |  1.7
Stealth        | |  1.7
Spellcasting   | |  2.3
Poison Magic   | |  3.3

Action                   || total
-------------------------++-------
Melee: Flail             ||     8
 Cast: Sting             ||     7
Armor: Robe              ||     4
Dodge: Dodged            ||    17

Table legend: (Time is in decaauts)
 A = Elapsed time spent in this place.
 B = Non-inter-level travel time spent in this place.
 C = Inter-level travel time spent in this place.
 D = Time resting spent in this place.
 E = Time spent auto-exploring this place.
 F = Levels seen in this place.
 G = Mean time per level.
                   A        B        C        D        E       F      G
               +--------+--------+--------+--------+--------+-----+--------+
         Total |    308 |    289 |     19 |      0 |    213 |   1 |  308.0 |
       Dungeon |    308 |    289 |     19 |      0 |    213 |   1 |  308.0 |
               +--------+--------+--------+--------+--------+-----+--------+

Top non-repeatable levels by time:
     D:1: 308 daAuts
